 Dungeon Crawl Stone Soup version 0.26-a0-6-g448add79b7 (webtiles) character file.

Game seed: 104304689388740674, levelgen mode: deterministic

1369 Echocat the Covered (level 8, 0/68 HPs)
             Began as a Minotaur Berserker on May 24, 2020.
             Was an Elder of Trog.
             Succumbed to a hornet's poison
             ... on level 6 of the Dungeon.
             The game lasted 00:26:12 (5595 turns).

Echocat the Covered (Minotaur Berserker)            Turns: 5595, Time: 00:26:13

Health: 0/68       AC: 11    Str: 31    XL:     8   Next: 38%
Magic:  7/7        EV: 10    Int:  4    God:    Trog [****..]
Gold:   274        SH:  2    Dex:  9    Spells: 7/7 levels left

rFire    . . .     SeeInvis .   l - +0 spear (curse)
rCold    . . .     Gourm    .   j - +0 buckler
rNeg     . . .     Faith    .   B - -2 chain mail (curse)
rPois    .         Spirit   .   (helmet restricted)
rElec    .         Reflect  .   u - +1 cloak
rCorr    .         Harm     .   (no gloves)
MR       .....                  s - +0 pair of boots
Stlth    ..........             (no amulet)
HPRegen  0.21/turn              A - +6 ring of strength
MPRegen  0.10/turn              (no ring)

@: lethally poisoned (0 -> -10), berserk cooldown, slowed, very slow
A: retaliatory headbutt, horns 2
a: Berserk, Trog's Hand, Brothers in Arms, Renounce Religion


You were on level 6 of the Dungeon.
You worshipped Trog.
Trog was greatly pleased with you.
You were hungry.

You visited 1 branch of the dungeon, and saw 6 of its levels.

You collected 274 gold pieces.

Inventory:

Hand Weapons
 a - a +0 short sword
 d - a +1 dagger of draining
 l - a cursed +0 spear (weapon)
 z - a +4 short sword
 C - a +1 dagger of venom
 D - a +1 vorpal spear
Missiles
 t - 13 poisoned darts (quivered)
Armour
 j - a +0 buckler (worn)
 p - a +0 scale mail
 s - a +0 pair of boots (worn)
 u - a +1 cloak (worn)
 B - a cursed -2 chain mail (worn)
 F - a +1 helmet
Jewellery
 e - a cursed ring of teleportation
 A - a +6 ring of strength (left hand)
Wands
 g - a wand of iceblast (11)
 v - a wand of enslavement (9)
Scrolls
 b - 5 scrolls of teleportation
 k - 3 scrolls of identify
 y - a scroll of amnesia
 G - a scroll of enchant armour
Potions
 f - a potion of degeneration {unknown}
 h - 2 potions of stabbing {unknown}
 i - 6 potions of curing {unknown}
 m - 3 potions of mutation {unknown}
 n - a potion of flight {unknown}
 o - a potion of magic {unknown}
 q - a potion of lignification {unknown}
 r - 2 potions of brilliance {unknown}
 w - 4 potions of cancellation {unknown}
 x - 2 potions of might {unknown}
Comestibles
 c - 5 rations
 E - 8 chunks of flesh


   Skills:
 + Level 5.3 Fighting
 + Level 4.9 Short Blades
 * Level 4.6 Throwing
 * Level 6.3 Armour
 * Level 5.7 Dodging
 + Level 2.8 Stealth


You had 7 spell levels left.
You didn't know any spells.
Your spell library was empty.

Dungeon Overview and Level Annotations

Branches:
Dungeon (6/15)             Temple (0/1) D:6

Altars:
Cheibriados
Fedhas
Makhleb
Ru
Sif Muna
Trog
Uskayaw
Vehumet
Wu Jian
Zin
The Shining One


Innate Abilities, Weirdness & Mutations

You reflexively headbutt those who attack you in melee.
You have a pair of horns on your head.


Message History

You closely miss the hornet. Your headbutt misses the hornet.
The hornet is heavily wounded.
* * * LOW HITPOINT WARNING * * *
You feel sick. The hornet stings you.
* * * LOW HITPOINT WARNING * * *
You feel as though you will be slow longer.
You are too berserk!
You hit the hornet. Your headbutt misses the hornet.
The hornet is heavily wounded.
* * * LOW HITPOINT WARNING * * *
You feel sick. The hornet stings you.
* * * LOW HITPOINT WARNING * * *
You feel as though you will be slow longer.
The hornet misses you. You furiously retaliate!
You headbutt the hornet! You closely miss the hornet.
Your headbutt misses the hornet.
The hornet is almost dead.
You are no longer berserk.
You are exhausted.
You feel as though you will be slow longer.
You die...

..... #....... #...#
###....... ##...###
#...###.## +......#
#...# #.# #......#
#...###'##
#......####...###_'. .
#S.# #..#...###+##
....###y####..##..# #.#
.......@...#....#.###.##
...........#....#.......
...........'....'......#
...........#....#......'
#################......#
########


You could see a hornet and an adder.

Vanquished Creatures
  The ghost of morra the Vandal, an amateur HaHu (D:3)
  Menkaure (D:5)
  An ice beast (D:5)
  2 ogres
  2 bullfrogs (D:6)
  2 scorpions
  A howler monkey (D:6)
  A quasit (D:5)
  2 jellies (D:5)
  2 centaur skeletons
  2 orc wizards
  An iguana (D:6)
  3 worker ants
  A killer bee zombie (D:2)
  A hound zombie (D:3)
  5 adders
  A howler monkey skeleton (D:3)
  A shadow imp (D:5)
  An ooze (D:2)
  A worm (D:2)
  5 leopard geckos
  16 orcs
  2 ball pythons
  12 giant cockroaches
  12 goblins
  7 hobgoblins
  11 jackals (D:1)
  2 quokkas
  12 bats
  6 frilled lizards
  A jackal skeleton (D:4)
  A jackal zombie (D:3)
  9 kobolds
  A quokka zombie (D:6)
  11 rats
140 creatures vanquished.

Notes
Turn   | Place    | Note
-------+----------+-------------------------------------------
     0 | D:1      | Echocat the Minotaur Berserker began the quest for the Orb.
     0 | D:1      | Reached XP level 1. HP: 19/19 MP: 0/0
   264 | D:1      | Reached XP level 2. HP: 27/27 MP: 1/1
   501 | D:1      | Reached skill level 1 in Throwing
   717 | D:1      | Reached XP level 3. HP: 33/33 MP: 2/2
   844 | D:1      | Reached skill level 3 in Armour
   912 | D:1      | Reached ** piety under Trog
  1262 | D:2      | Reached XP level 4. HP: 30/40 MP: 3/3
  1503 | D:2      | Reached skill level 1 in Stealth
  1573 | D:2      | Reached XP level 5. HP: 27/46 MP: 4/4
  1777 | D:2      | Found a hide-covered altar of Uskayaw.
  1786 | D:2      | Found an ornate altar of the Wu Jian Council.
  2005 | D:2      | Found a sacrificial altar of Ru.
  2005 | D:2      | Found a shimmering blue altar of Sif Muna.
  2006 | D:2      | Found a glowing golden altar of the Shining One.
  2446 | D:3      | Found a snail-covered altar of Cheibriados.
  2469 | D:3      | Found a radiant altar of Vehumet.
  2520 | D:3      | Reached skill level 4 in Armour
  2539 | D:3      | Reached *** piety under Trog
  2638 | D:3      | Found a transporter.
  2661 | D:3      | Found a transporter.
  2662 | D:3      | Noticed morra's ghost (amateur HaHu)
  3256 | D:4      | Noticed an ogre
  3261 | D:4      | Killed an ogre
  3261 | D:4      | Reached XP level 6. HP: 52/52 MP: 5/5
  3842 | D:5      | Entered Level 5 of the Dungeon
  3884 | D:5      | Noticed Menkaure
  3893 | D:5      | Killed Menkaure
  3893 | D:5      | Reached XP level 7. HP: 55/60 MP: 6/6
  4000 | D:5      | Reached skill level 5 in Armour
  4002 | D:5      | Reached **** piety under Trog
  4590 | D:3      | Reached skill level 5 in Dodging
  4604 | D:3      | Killed morra's ghost
  4604 | D:3      | Reached skill level 5 in Fighting
  4604 | D:3      | Reached XP level 8. HP: 42/68 MP: 7/7
  4782 | D:6      | Reached skill level 6 in Armour
  5163 | D:6      | Found a burning altar of Makhleb.
  5274 | D:6      | Found a staircase to the Ecumenical Temple.
  5299 | D:6      | Found a glowing silver altar of Zin.
  5373 | D:6      | Found a blossoming altar of Fedhas.
  5442 | D:6      | Found a bloodstained altar of Trog.
  5576 | D:6      | Noticed a hornet
  5590 | D:6      | Paralysed by a hornet for 3 turns
  5593 | D:6      | HP: 4/102 [hornet (3)]
  5594 | D:6      | HP: 1/102 [hornet (3)]
  5595 | D:6      | Succumbed to a hornet's poison

Illustrated notes

Levels and vault maps discovered:
D:1:      dpeg_arrival_water_temple_mockup, layout_loops_ring
D:2:      layout_basic, overflow_temple_1_default, overflow_temple_1_default,
          gammafunk_temple_overflow_claw, first_ration
D:3:      minmay_roachtagon, layout_loops_ring, overflow_temple_1_default,
          lemuel_crystal_altar, gammafunk_ghost_mausoleum
D:4:      layout_cave_pools
D:5:      layout_gridville, uniq_menkaure
D:6:      layout_gridville, marbit_many_paths, lemuel_doored_altar,
          kennysheep_mini_moat, nicolae_overflow_hidden_temple, temple_hall,
          serial_shops, kennysheep_mini

Skill      XL: |  1  2  3  4  5  6  7  8 |
---------------+-------------------------+-----
Throwing       | 1 2 3 4 |  4.6
Armour         | 3 4 5 6 |  6.3
Dodging        | 3 4 5 |  5.7
Stealth        | 1 2 |  2.8
Fighting       | 4 5 |  5.3
Short Blades   | 4 |  4.9

Action                   |  1- 3 |  4- 6 |  7- 9 || total
-------------------------+-------+-------+-------++-------
Melee: Short sword       |    11 |       |       ||    11
       Dagger            |    66 |       |       ||    66
       Headbutt          |    19 |    37 |    26 ||    82
       Spear             |    29 |   180 |   141 ||   350
Throw: Dart              |       |       |    13 ||    13
Invok: Berserk           |       |       |     1 ||     1
  Use: Scroll            |     7 |     6 |     2 ||    15
  Eat: Chunk             |     1 |     8 |     3 ||    12
       Ration            |       |       |     1 ||     1
Armor: Animal skin       |     8 |       |       ||     8
       Ring mail         |    19 |     4 |       ||    23
       Scale mail        |       |    83 |       ||    83
       Chain mail        |       |    19 |    86 ||   105
Dodge: Dodged            |    66 |    97 |    79 ||   242
Block: Buckler           |     5 |    16 |    13 ||    34

Table legend:
 A = Non-vault XP
 B = Vault XP
 C = Vault XP percentage of total XP
 D = Non-vault monster count
 E = Vault monster count
 F = Vault count percentage of total count
                 A         B        C        D         E       F
            +---------+---------+-------+---------+---------+-------
      Total |    1465 |     491 |  25.1 |     126 |      14 |  10.0
            +---------+---------+-------+---------+---------+-------
        D:1 |      65 |       0 |   0.0 |      38 |       0 |   0.0
        D:2 |     195 |       0 |   0.0 |      29 |       0 |   0.0
        D:3 |      48 |     308 |  86.5 |      21 |      13 |  38.2
        D:4 |     209 |       0 |   0.0 |      11 |       0 |   0.0
        D:5 |     428 |     183 |  30.0 |      11 |       1 |   8.3
        D:6 |     520 |       0 |   0.0 |      16 |       0 |   0.0
            +---------+---------+-------+---------+---------+-------
